Map: Pillars of Gold LE

Players

Scarlett

  • Race: Zerg Zerg
  • League: Master
  • Spawn Location: 7:00

Neeb - Winner!

  • Race: Protoss Protoss
  • Spawn Location: 1:00

Event: DreamHack SC2 Masters 2020 Winter

VOD

Have the link to the VOD?

Description

Time

  • Played on: Nov. 8, 2020, 4:16 p.m.
  • Length: 16:42

All games in this series

Show
View Real Time Build Order
Export as new Build Order

Scarlett Zerg 

Build Orders: Hatch First, Swarm Host 

Get SALT Encoding   

  12  0:00  Drone  
  13  0:13  Overlord  
  13  0:17  Drone  
  14  0:31  Drone x2  
  17  0:42  Drone  
  17  0:53  Drone  
  17  0:56  Hatchery  
  17  1:00  Drone  
  18  1:07  Extractor  
  17  1:15  Spawning Pool  
  16  1:18  Drone  
  16  1:22  Drone  
  18  1:29  Drone  
  19  1:39  Drone  
  20  1:50  Overlord  
  20  2:02  Queen  
  20  2:07  Queen  
  25  2:08  Zergling x4  
  25  2:12  Drone  
  25  2:15  Metabolic Boost  
  27  2:20  Drone  
  29  2:22  Drone  
  29  2:30  Drone  
  29  2:36  Drone  
  31  2:44  Drone, Hatchery  
  30  2:50  Drone  
  32  2:53  Overlord  
  32  2:58  Drone  
  33  3:01  Queen  
  33  3:05  Zergling x2  
  36  3:12  Drone x2  
  38  3:17  Drone x3  
  41  3:20  Overlord  
  41  3:26  Drone  
  42  3:28  Queen  
  42  3:34  Overlord  
  44  3:41  Drone  
  45  3:43  Queen  
  45  3:45  Drone, Overlord  
  49  3:48  Drone  
  49  3:51  Overlord  
  49  3:56  Drone  
  49  3:57  Drone x2  
  49  4:01  Drone  
  53  4:05  Spore Crawler  
  53  4:07  Drone x3  
  55  4:15  Drone  
  56  4:20  Spore Crawler  
  56  4:21  Drone x6  
  61  4:27  Queen  
  61  4:28  Drone x2  
  65  4:33  Zergling x2  
  65  4:38  Drone x2  
  68  4:42  Overlord  
  68  4:43  Drone x2  
  70  4:52  Drone x4  
  74  4:56  Roach Warren  
  74  4:58  Evolution Chamber  
  74  4:59  Extractor x2  
  70  5:00  Extractor  
  70  5:01  Lair, Drone x5  
  70  5:05  Zergling x2  
  75  5:13  Drone x3  
  73  5:21  Drone x4  
  73  5:24  Drone x4  
  73  5:26  Zerg Missile Weapons Level 1  
  73  5:27  Drone  
  73  5:28  Extractor, Overlord  
  81  5:30  Extractor, Overlord x2  
  81  5:31  Drone  
  81  5:36  Drone  
  81  5:40  Overlord  
  82  5:42  Overlord  
  82  5:50  Hatchery  
  82  5:51  Drone x5  
  86  5:59  Glial Reconstitution  
  86  6:02  Infestation Pit, Zergling x14  
  92  6:19  Overlord x2  
  92  6:20  Roach  
  92  6:21  Roach x5  
  104  6:30  Overlord  
  104  6:31  Overlord  
  103  6:38  Swarm Host x7  
  124  6:44  Swarm Host x2  
  124  6:46  Swarm Host x2  
  136  6:49  Overlord  
  136  6:51  Swarm Host  
  139  7:01  Swarm Host x2  
  139  7:03  Roach x4  
  139  7:07  Ravager  
  154  7:09  Spore Crawler  
  154  7:10  Overlord x2  
  154  7:11  Overlord  
  154  7:14  Roach  
  154  7:15  Roach  
  157  7:20  Roach x4  
  157  7:21  Ravager  
  165  7:27  Roach, Overlord  
  167  7:33  Zerg Missile Weapons Level 2  
  167  7:44  Roach x8  
  179  7:50  Roach x4  
  182  7:58  Roach x5  
  168  8:07  Roach x4  
  163  8:17  Drone x7  
  168  8:35  Queen x2  
  169  8:44  Queen  
  169  8:45  Extractor x2  
  169  8:46  Hive  
  164  8:50  Swarm Host x3  
  170  8:56  Ravager x2  
  170  8:57  Ravager  
  170  8:58  Drone  
  170  8:59  Drone x5  
  176  9:06  Drone x4  
  176  9:07  Drone x2  
  182  9:10  Swarm Host  
  182  9:15  Swarm Host x3  
  192  9:22  Roach x3  
  190  9:35  Ravager x5  
  180  9:45  Hatchery  
  180  9:48  Ravager x7  
  180  9:49  Queen  
  188  9:54  Ravager  
  188  9:55  Zergling x20  
  199  10:00  Zerg Missile Weapons Level 3  
  197  10:23  Roach x3  
  191  10:33  Ravager  
  191  10:34  Ravager  
  193  10:36  Ravager  
  193  10:56  Roach x9  
  187  11:08  Roach x8  
  199  11:21  Drone  
  199  11:23  Spore Crawler  
  199  11:24  Spine Crawler  
  197  11:26  Spine Crawler  
  197  11:31  Extractor x2  
  191  11:35  Overlord  
  191  11:36  Overseer  
  192  11:47  Ravager x9  
  197  12:03  Adrenal Glands  
  197  12:04  Overseer  
  197  12:07  Hydralisk Den  
  191  12:15  Ravager x3  
  191  12:16  Ravager  
  191  12:24  Overseer, Overlord  
  176  12:53  Queen  
  176  12:54  Zerg Ground Armor Level 1  
  178  13:04  Roach  
  178  13:05  Roach x10  
  195  13:20  Roach x2  
  189  13:40  Drone x3  
  192  13:42  Muscular Augments  
  192  13:43  Lurker Den x2  
  188  13:53  Queen x3  
  180  14:04  Hydralisk x8  
  188  14:24  Spine Crawler  
  169  14:31  Viper x3  
  170  14:39  Hydralisk x15  
  200  14:54  Grooved Spines  
  194  15:06  Seismic Spines, Adaptive Talons  
  194  15:09  Lurker x2  
  194  15:10  Lurker x4  
  174  15:28  Hydralisk x3  
  174  15:29  Hydralisk x6  
  148  15:44  Hydralisk x3  
  148  15:45  Hydralisk x15  
  148  15:48  Drone x2  
  179  15:58  Hydralisk x3  
  179  15:59  Hydralisk  
  142  16:11  Hydralisk  
Show
View Real Time Build Order
Export as new Build Order

Neeb Protoss - Winner!

Build Orders: 1 Gate Expand, Oracle Opening, Archon Immortal, Carriers 

Get SALT Encoding   

  12  0:00  Probe  
  13  0:12  Probe  
  14  0:19  Pylon  
  14  0:26  Probe (Chrono Boost)  
  15  0:38  Probe (Chrono Boost)  
  15  0:41  Gateway  
  16  0:46  Probe (Chrono Boost)  
  17  0:52  Assimilator  
  17  0:54  Probe  
  18  1:06  Probe  
  19  1:18  Probe  
  20  1:29  Nexus  
  20  1:39  Cybernetics Core  
  20  1:42  Probe  
  21  1:48  Assimilator  
  21  1:54  Probe  
  21  1:59  Pylon  
  22  2:06  Probe (Chrono Boost)  
  23  2:14  Adept (Chrono Boost)  
  23  2:18  Probe (Chrono Boost)  
  26  2:23  Probe (Chrono Boost)  
  26  2:25  Stargate  
  27  2:36  Adept  
  30  2:37  Probe (Chrono Boost)  
  30  2:41  Probe (Chrono Boost)  
  31  2:46  Warp Gate  
  31  2:50  Probe (Chrono Boost)  
  31  2:51  Probe (Chrono Boost)  
  33  2:55  Probe (Chrono Boost)  
  34  2:58  Probe  
  34  3:05  Gateway  
  35  3:07  Probe, Void Ray (Chrono Boost)  
  35  3:11  Probe  
  42  3:20  Probe  
  42  3:24  Pylon  
  42  3:26  Probe  
  43  3:32  Probe  
  44  3:38  Pylon, Probe  
  44  3:40  Oracle (Chrono Boost)  
  45  3:44  Adept, Probe  
  51  3:50  Probe  
  51  3:53  Pylon  
  52  3:56  Probe  
  52  4:02  Probe  
  54  4:08  Probe  
  55  4:10  Nexus  
  55  4:12  Oracle (Chrono Boost)  
  58  4:18  Pylon  
  58  4:20  Probe  
  58  4:23  Probe  
  60  4:29  Assimilator  
  60  4:32  Probe  
  60  4:33  Assimilator  
  60  4:35  Probe  
  62  4:39  Adept x2  
  62  4:44  Pylon, Probe  
  67  4:48  Probe  
  67  4:51  Robotics Facility  
  68  4:56  Probe  
  68  4:57  Forge  
  68  4:59  Twilight Council  
  69  5:01  Probe  
  70  5:08  Probe  
  70  5:14  Probe (Chrono Boost)  
  70  5:20  Probe (Chrono Boost)  
  69  5:22  Probe (Chrono Boost)  
  69  5:23  Sentry x2  
  69  5:26  Probe (Chrono Boost)  
  75  5:30  Pylon  
  75  5:31  Probe x2 (Chrono Boost)  
  75  5:32  Protoss Ground Weapons Level 1 (Chrono Boost), Probe (Chrono Boost)  
  78  5:35  Probe (Chrono Boost)  
  78  5:36  Charge, Probe (Chrono Boost)  
  78  5:39  Immortal (Chrono Boost)  
  78  5:40  Probe  
  85  5:43  Assimilator  
  85  5:46  Probe  
  85  5:47  Pylon  
  86  5:50  Probe  
  86  5:54  Gateway  
  86  5:55  Gateway, Sentry  
  89  5:58  Gateway  
  89  6:00  Probe  
  89  6:02  Probe  
  91  6:05  Assimilator  
  91  6:07  Pylon  
  91  6:08  Probe  
  92  6:12  Observer (Chrono Boost)  
  93  6:21  Probe  
  93  6:22  Probe x2  
  93  6:24  Gateway  
  96  6:26  Gateway  
  96  6:28  Zealot x2  
  96  6:29  Gateway  
  96  6:31  Templar Archives  
  100  6:33  Photon Cannon  
  100  6:35  Warp Prism (Chrono Boost)  
  102  6:44  Pylon  
  102  6:45  Pylon  
  102  6:50  Zealot x4  
  110  6:59  Immortal (Chrono Boost)  
  110  7:00  Shield Battery x2  
  110  7:02  Pylon  
  114  7:15  Photon Cannon  
  114  7:18  Pylon  
  114  7:22  High Templar x5  
  120  7:23  High Templar, Zealot x2  
  120  7:29  Archon x3  
  130  7:30  Pylon  
  130  7:31  Immortal (Chrono Boost)  
  130  7:32  Pylon  
  134  7:44  Zealot x2  
  136  7:48  Zealot  
  136  7:49  Zealot  
  132  8:01  Zealot x4  
  132  8:02  Zealot x2  
  140  8:08  Immortal (Chrono Boost)  
  140  8:11  Protoss Ground Weapons Level 2 (Chrono Boost)  
  136  8:13  Psionic Storm, High Templar x2  
  136  8:17  Probe x3  
  136  8:19  Nexus  
  129  8:23  Pylon  
  129  8:24  High Templar  
  129  8:25  Zealot x3  
  135  8:30  Zealot x2  
  139  8:39  Immortal (Chrono Boost)  
  139  8:43  Photon Cannon  
  139  8:46  Photon Cannon  
  139  8:47  Shield Battery  
  139  8:48  High Templar x2  
  145  8:49  Probe x2  
  145  8:51  Probe  
  150  9:01  Probe  
  151  9:06  Probe x2  
  151  9:08  Assimilator  
  153  9:11  Immortal  
  153  9:13  Assimilator  
  153  9:15  High Templar x2, Pylon  
  153  9:16  Zealot x2  
  161  9:20  Probe x2  
  161  9:22  Blink (Chrono Boost)  
  163  9:29  Zealot  
  163  9:30  Zealot x2  
  167  9:33  Probe x3  
  167  9:34  Zealot  
  166  9:49  Pylon  
  166  9:50  High Templar x2  
  166  9:51  High Templar, Zealot x3, Immortal  
  182  10:00  Zealot x2  
  182  10:05  Shield Battery  
  183  10:08  Shield Battery  
  183  10:19  Archon  
  157  10:22  Zealot x4  
  157  10:33  Immortal  
  159  10:38  High Templar  
  159  10:39  High Templar x2, Zealot  
  167  10:43  Fleet Beacon  
  167  10:47  Zealot, Stargate  
  167  10:48  Archon, Zealot  
  171  10:50  Stargate  
  153  11:07  High Templar x2, Zealot  
  153  11:09  Immortal (Chrono Boost)  
  157  11:14  Photon Cannon  
  157  11:15  Photon Cannon x2  
  157  11:16  Shield Battery  
  157  11:17  High Templar  
  157  11:18  High Templar, Zealot x3  
  171  11:20  Archon  
  166  11:34  High Templar  
  166  11:38  High Templar, Zealot  
  166  11:39  Photon Cannon, Zealot  
  174  11:41  Photon Cannon, Observer  
  174  11:43  Archon  
  173  11:53  Archon  
  173  11:54  High Templar x2  
  173  12:01  Zealot x4  
  179  12:03  Observer, Probe  
  187  12:09  Probe  
  187  12:10  Photon Cannon, Probe  
  187  12:11  Photon Cannon  
  187  12:12  Shield Battery  
  187  12:13  Photon Cannon, Carrier x2 (Chrono Boost)  
  191  12:17  Carrier (Chrono Boost)  
  191  12:18  Photon Cannon  
  193  12:24  Nexus  
  191  12:43  Protoss Ground Weapons Level 3  
  177  12:55  Zealot x3  
  177  12:56  Zealot x2, Protoss Air Weapons Level 1 (Chrono Boost)  
  187  12:59  Nexus  
  186  13:10  Carrier x2  
  186  13:12  Nexus  
  196  13:17  Pylon  
  192  13:28  Carrier  
  192  13:31  Probe x2  
  196  13:41  Photon Cannon  
  188  13:42  Photon Cannon  
  188  13:44  Photon Cannon  
  188  13:46  High Templar x2, Photon Cannon  
  188  13:47  Shield Battery  
  188  13:48  Shield Battery  
  192  13:49  Shield Battery  
  192  13:51  Assimilator  
  192  13:54  Archon  
  192  13:55  Assimilator  
  183  13:57  Zealot x6  
  183  13:59  Photon Cannon  
  183  14:02  Photon Cannon  
  191  14:06  Shield Battery  
  191  14:10  Pylon  
  191  14:19  Zealot x2  
  191  14:23  Zealot x3  
  191  14:25  Archon  
  187  14:31  Warp Prism (Chrono Boost)  
  187  14:38  Photon Cannon  
  189  14:39  Photon Cannon  
  189  14:40  High Templar x4  
  189  14:41  Photon Cannon  
  189  14:43  Photon Cannon  
  189  14:44  Photon Cannon  
  189  14:45  Photon Cannon, Archon x2  
  197  14:47  Photon Cannon  
  197  14:48  Photon Cannon  
  197  14:49  Photon Cannon  
  197  14:52  High Templar, Shield Battery  
  199  15:05  Observer (Chrono Boost)  
  200  15:16  Cybernetics Core  
  190  15:34  Zealot x3  
  190  15:35  Zealot x4  
  200  15:42  High Templar  
  183  16:01  Zealot x3  
  185  16:05  Zealot x4  
  191  16:30  Zealot x2  
  191  16:31  High Templar x5, Nexus, Zealot  
  197  16:36  Archon x2  
Tags
 
Add a new tag
Caveats
  • Supply blocks, unpowered buildings, or Contaminate may cause inaccurate times.
  • Supply counts are checked every 10 seconds.